[Event "FIDE Open World Rapid 2024"]
[Site "New York"]
[Date "2024.12.27"]
[Round "7.36"]
[White "Shimanov, Aleksandr"]
[Black "Ohanyan, Emin"]
[Result "1/2-1/2"]
[ECO "A06"]
[WhiteElo "2593"]
[BlackElo "2514"]
[Annotator "ChessBase"]
[PlyCount "140"]
[EventDate "2024.12.14"]
[EventType "swiss"]
[EventCountry "USA"]
[SourceTitle "playchess.com"]
[Source "ChessBase"]
[SourceQuality "1"]
[TimeControl "900+10"]

1. Nf3 d5 2. b3 Nf6 3. Bb2 Bf5 4. d3 e6 5. g3 h6 6. Bg2 Bh7 7. O-O c5 8. Ne5 Be7 9. Nd2 O-O 10. e4 Nfd7 11. Ng4 d4 12. f4 Nc6 13. e5 Nb6 14. Bxc6 bxc6 15. Qe2 Nd5 16. Nc4 Nb6 17. Nd2 Nd5 18. Nc4 Nb6 19. Nf2 Qd7 20. Ba3 Nxc4 21. bxc4 Qc7 22. Rfb1 Rab8 23. Rb3 a5 24. Qd2 a4 25. Rbb1 Rxb1+ 26. Rxb1 Rb8 27. Qc1 Rxb1 28. Qxb1 Bg6 29. Kf1 Kh7 30. Qe1 Qb8 31. Kg2 Qb6 32. Ne4 Bxe4+ 33. Qxe4+ g6 34. Qe1 h5 35. Kf3 Kg7 36. Ke2 Kg8 37. Qc1 Kg7 38. Qb2 Qa5 39. Qb1 Qc3 40. Bc1 Qb4 41. Qb2 Bd8 42. a3 Qxb2 43. Bxb2 g5 44. Kf3 g4+ 45. Ke2 Ba5 46. Kd1 Kg6 47. c3 dxc3 48. Bc1 h4 49. Kc2 h3 50. Be3 Bb6 51. Kxc3 Kf5 52. Kc2 f6 53. exf6 Kxf6 54. Kd2 Kf5 55. Ke2 Ba7 56. Bd2 Bb8 57. Be3 e5 58. fxe5 Bxe5 59. Kf2 Bd6 60. Kf1 Be7 61. Ke2 Bf8 62. Bg1 Bd6 63. Kd2 Be5 64. Kc2 Ke6 65. Kc1 Kd6 66. Kc2 Kd7 67. Kc1 Ke6 68. Kc2 Kd6 69. Kc1 Ba1 70. Kb1 Bd4 1/2-1/2

[Event "FIDE Open World Rapid 2024"]
[Site "New York"]
[Date "2024.12.27"]
[Round "7.36"]
[White "Gaehwiler, Gabriel"]
[Black "Rasulov, Vugar"]
[Result "1/2-1/2"]
[ECO "C45"]
[WhiteElo "2392"]
[BlackElo "2504"]
[Annotator "ChessBase"]
[PlyCount "117"]
[EventDate "2024.12.14"]
[EventType "swiss"]
[EventCountry "USA"]
[SourceTitle "playchess.com"]
[Source "ChessBase"]
[SourceQuality "1"]
[TimeControl "900+10"]

1. e4 e5 2. Nf3 Nc6 3. d4 exd4 4. Nxd4 Bc5 5. Be3 Qf6 6. c3 Nge7 7. Nf5 Bb6 8. Bxb6 axb6 9. Ne3 d6 10. Nd2 O-O 11. Bd3 Ne5 12. Bc2 Qf4 13. g3 Qh6 14. f4 f5 15. Qe2 N5c6 16. O-O g6 17. exf5 Nxf5 18. Nxf5 Bxf5 19. Bxf5 gxf5 20. Rae1 Qg6 21. a3 Rae8 22. Qd3 Kh8 23. Nf3 Qf6 24. Nh4 Re7 25. Rxe7 Nxe7 26. Re1 Ng6 27. Nf3 Rf7 28. Kf2 Re7 29. Nd4 Rxe1 30. Kxe1 Ne7 31. Qb5 c5 32. Ne2 Qe6 33. Qxb6 Qd5 34. Qd8+ Ng8 35. Kf2 Kg7 36. Qd7+ Kg6 37. Qe8+ Kg7 38. Qd7+ Kg6 39. Qe8+ Kg7 40. Qd7+ Kh8 41. c4 Qd3 42. Qf7 Qc2 43. b4 b6 44. bxc5 bxc5 45. h3 h6 46. g4 Qb3 47. gxf5 Qxh3 48. Ng3 Qh2+ 49. Kf3 Qb2 50. Nh5 Qxa3+ 51. Kg4 Qa1 52. f6 Qd1+ 53. Kh4 Qh1+ 54. Kg4 Qd1+ 55. Kg3 Qg1+ 56. Kf3 Qf1+ 57. Kg3 Qg1+ 58. Kf3 Qf1+ 59. Kg3 1/2-1/2

[Event "FIDE Open World Rapid 2024"]
[Site "New York"]
[Date "2024.12.27"]
[Round "7.37"]
[White "Horvath, Dominik"]
[Black "Kvaloy, Aksel Bu"]
[Result "1/2-1/2"]
[ECO "C60"]
[WhiteElo "2542"]
[BlackElo "2490"]
[Annotator "ChessBase"]
[PlyCount "182"]
[EventDate "2024.12.14"]
[EventType "swiss"]
[EventCountry "USA"]
[SourceTitle "playchess.com"]
[Source "ChessBase"]
[SourceQuality "1"]
[TimeControl "900+10"]

1. e4 e5 2. Nf3 Nc6 3. Bb5 g6 4. Nc3 Bg7 5. h4 Nf6 6. d3 d6 7. Nd5 a6 8. Bc4 Na5 9. Nxf6+ Bxf6 10. Bh6 Nxc4 11. dxc4 Bg4 12. g3 Qd7 13. Qd3 O-O-O 14. O-O-O Be7 15. Rd2 f5 16. Ng5 fxe4 17. Nxe4 Qc6 18. Re1 b6 19. b3 Kb7 20. Nc3 Bf5 21. Qe3 Bf8 22. Bg5 Rd7 23. Nd5 Bg7 24. f3 Qc5 25. Kb1 Qxe3 26. Bxe3 Rf8 27. f4 exf4 28. Bxf4 c6 29. Ne3 Bc3 30. Red1 Bxd2 31. Rxd2 Re8 32. Kb2 b5 33. Kc3 Re4 34. Bg5 Re6 35. a3 Rf7 36. Bf4 Rd7 37. Bg5 Be4 38. Kb4 c5+ 39. Kc3 Bc6 40. Bf4 Rde7 41. Rd3 Rd7 42. Rd2 Be4 43. Kb2 Kc6 44. Kc3 Rf7 45. b4 Bf3 46. Bh6 bxc4 47. Nxc4 d5 48. Na5+ Kb5 49. Nb3 Re2 50. Nxc5 Rxd2 51. a4+ Kc6 52. Kxd2 Be4 53. Bf4 a5 54. c3 Bf5 55. Nb3 axb4 56. cxb4 d4 57. Nxd4+ Kd5 58. Kc3 Rf8 59. Nxf5 Rc8+ 60. Kb3 gxf5 61. b5 Re8 62. Kb4 Re1 63. Ka5 Ra1 64. b6 Kc6 65. Bc7 h5 66. Kb4 Rb1+ 67. Kc4 Ra1 68. Kb4 Rb1+ 69. Kc4 Re1 70. a5 Re4+ 71. Kd3 Kb7 72. Kc3 Ra4 73. Kd3 Rxa5 74. Kd4 Kc6 75. Ke3 Ra4 76. Kf3 Rb4 77. Bd8 Kd5 78. Bc7 Ke6 79. Bd8 Ke5 80. Bc7+ Kd5 81. Bd8 f4 82. gxf4 Rb3+ 83. Ke2 Ke4 84. Bc7 Kf5 85. Kd2 Kg4 86. Kc2 Rb5 87. Kc3 Kxh4 88. Kc4 Rb1 89. Kc5 Kg4 90. f5 Kxf5 91. Kc6 Rxb6+ 1/2-1/2

[Event "FIDE Open World Rapid 2024"]
[Site "New York"]
[Date "2024.12.27"]
[Round "7.37"]
[White "Mamedov, Edgar"]
[Black "Paravyan, David"]
[Result "0-1"]
[ECO "D26"]
[WhiteElo "2441"]
[BlackElo "2620"]
[Annotator "ChessBase"]
[PlyCount "106"]
[EventDate "2024.12.14"]
[EventType "swiss"]
[EventCountry "USA"]
[SourceTitle "playchess.com"]
[Source "ChessBase"]
[SourceQuality "1"]
[TimeControl "900+10"]

1. d4 d5 2. Nf3 Nf6 3. c4 dxc4 4. e3 e6 5. Bxc4 c5 6. O-O cxd4 7. Nxd4 Bc5 8. Nb5 Qe7 9. a3 a6 10. N5c3 O-O 11. b4 Bd6 12. Be2 Rd8 13. Qb3 b5 14. Nd2 Bb7 15. Bf3 Bxf3 16. Nxf3 Nbd7 17. Rb1 Ne5 18. Nd4 Rac8 19. a4 Qc7 20. Nce2 bxa4 21. Qxa4 Nd3 22. g3 e5 23. Nf5 Bf8 24. Ba3 Qb7 25. b5 Qd7 26. Bxf8 Rxf8 27. e4 g6 28. Ne3 axb5 29. Qxb5 Qxb5 30. Rxb5 Nxe4 31. Nd5 Rc2 32. Rb3 Nec5 33. Rxd3 Nxd3 34. Nec3 Kg7 35. Ne4 Rd8 36. Ne3 Rc1 37. Rxc1 Nxc1 38. h4 Nd3 39. Kf1 Nb4 40. Kg2 Ra8 41. Nc4 Nd3 42. Kf3 f5 43. Ned2 e4+ 44. Ke3 Nb4 45. Ke2 Ra2 46. Ne3 Nd3 47. Nec4 Kf6 48. Ke3 Ne5 49. Nxe5 Kxe5 50. Nc4+ Kd5 51. Nb6+ Ke6 52. Nc4 Rc2 53. Nd2 Ke5 0-1

[Event "FIDE Open World Rapid 2024"]
[Site "New York"]
[Date "2024.12.27"]
[Round "7.38"]
[White "Chasin, Nico"]
[Black "Hong, Andrew"]
[Result "0-1"]
[ECO "A00"]
[WhiteElo "2417"]
[BlackElo "2572"]
[Annotator "ChessBase"]
[PlyCount "44"]
[EventDate "2024.12.14"]
[EventType "swiss"]
[EventCountry "USA"]
[SourceTitle "playchess.com"]
[Source "ChessBase"]
[SourceQuality "1"]
[TimeControl "900+10"]

1. a3 Nf6 2. Nf3 d5 3. d4 Bf5 4. Bf4 e6 5. e3 c5 6. dxc5 Bxc5 7. c4 Nc6 8. Nc3 O-O 9. cxd5 Nxd5 10. Nxd5 exd5 11. Bd3 Bxd3 12. Qxd3 d4 13. Ng5 g6 14. Ne4 Qa5+ 15. Ke2 Bb6 16. Rhd1 Rad8 17. b4 Qf5 18. Nd6 Qe6 19. b5 dxe3 20. fxe3 Nd4+ 21. Ke1 Nf5 22. Qd5 Rxd6 0-1

[Event "FIDE Open World Rapid 2024"]
[Site "New York"]
[Date "2024.12.27"]
[Round "7.38"]
[White "Pereira, Fabian"]
[Black "Urazayev, Arystanbek"]
[Result "0-1"]
[ECO "B15"]
[WhiteElo "2123"]
[BlackElo "2470"]
[Annotator "ChessBase"]
[PlyCount "76"]
[EventDate "2024.12.14"]
[EventType "swiss"]
[EventCountry "USA"]
[SourceTitle "playchess.com"]
[Source "ChessBase"]
[SourceQuality "1"]
[TimeControl "900+10"]

1. e4 c6 2. d4 d5 3. Nd2 dxe4 4. Nxe4 Nf6 5. Nxf6+ exf6 6. c3 a5 7. Bd3 Na6 8. Ne2 g6 9. O-O Bg7 10. f4 f5 11. Kh1 O-O 12. Be3 Nc7 13. Qd2 Nd5 14. Bg1 Re8 15. Rad1 Nf6 16. Ng3 Qd6 17. c4 Bd7 18. Bb1 h5 19. Ne2 h4 20. Nc3 h3 21. gxh3 b5 22. b3 a4 23. c5 Qc7 24. b4 Be6 25. a3 Nd5 26. Bf2 Nxc3 27. Qxc3 Bd5+ 28. Kg1 Qxf4 29. Qg3 Qh6 30. h4 Qh5 31. Bd3 Re6 32. h3 Rae8 33. Kh2 Bh6 34. Rfe1 Rxe1 35. Rxe1 Rxe1 36. Bxe1 Qd1 37. Bxf5 Qe2+ 38. Bf2 Qf1 0-1

[Event "FIDE Open World Rapid 2024"]
[Site "New York"]
[Date "2024.12.27"]
[Round "7.39"]
[White "Wei, Yi"]
[Black "Bologan, Victor"]
[Result "1-0"]
[ECO "C41"]
[WhiteElo "2753"]
[BlackElo "2600"]
[Annotator "TA"]
[PlyCount "107"]
[EventDate "2024.12.14"]
[EventType "swiss"]
[EventCountry "USA"]
[SourceTitle "playchess.com"]
[Source "ChessBase"]
[SourceQuality "1"]
[TimeControl "900+10"]

1. e4 d6 2. d4 Nf6 3. Nc3 e5 4. Nf3 Nbd7 5. Bc4 Be7 6. O-O O-O 7. a4 c6 8. Ba2 h6 9. Re1 Re8 10. h3 Bf8 11. Be3 a5 12. Qd3 exd4 13. Bxd4 Qc7 14. Nh4 Ne5 15. Qg3 Be6 16. Bxe6 Rxe6 17. f4 (17. Nf5 $5) 17... Ned7 18. Nf5 Kh7 19. Qf3 g6 20. Ng3 Bg7 21. Rad1 Rae8 22. Kh2 R6e7 23. b3 h5 24. Nf1 d5 25. e5 Ng8 $1 26. Ne3 Nxe5 27. fxe5 Bxe5+ 28. g3 $1 Bxd4 $1 29. Rxd4 Nh6 (29... Qb6 $1 $11 30. Rd3 Qc5) 30. Rf4 $2 (30. Ncd1 $16 {and life is bright.}) 30... f5 ({Better is} 30... Qd8 $1 $17 31. Kg2 d4) 31. Ncd1 $14 Nf7 {[%emt 0:00:14] [#]} (31... Re5 $11) 32. Rxf5 gxf5 33. Qxf5+ (33. Qxh5+ $11 {keeps the balance.} Nh6 34. Nxf5 Rxe1 35. Qxh6+ Kg8 36. Qg6+ Kh8 37. Qf6+ Kg8 38. Qg6+) 33... Kg7 $17 34. Qxh5 Re5 35. Qg4+ Kh8 (35... Kf8 $17 36. Qh4 Kg8) 36. Rf1 {[%emt 0:00:17] [#]} (36. Nf5 $1 $11 Nh6 (36... Rxe1 37. Qg7#) 37. Qh4) 36... Nh6 $1 (36... Rxe3 37. Nxe3 Rxe3 38. Rxf7 Qxf7 39. Qd4+ Kg8 40. Qxe3 $14) 37. Qh4 Qh7 38. Qd4 (38. c4 $15) 38... Qg7 39. Qd2 d4 40. Ng2 (40. Qxd4 $2 Rxe3 41. Qxg7+ Kxg7 $19) 40... Nf5 (40... c5 $17 41. Nf4 Rg8) 41. Qf4 (41. Qd3 $11 {was the only way to keep the balance.} Qh7 42. Rf4) 41... Ne3 42. Qh4+ Qh7 43. Qf6+ $1 Qg7 44. Qh4+ Kg8 45. Ndxe3 dxe3 46. Qc4+ Kh8 (46... R8e6 $17 {White must now prevent ...e2.} 47. Rf4 Qe7 (47... e2 $2 48. Rg4 $18) 48. Rg4+ Kf7) 47. Rf4 $11 {[%emt 0:00:05] and Rh4+ would now be decisive} R5e6 48. Qe2 Rh6 49. Nxe3 Qe5 50. Qf2 (50. Qf3 $5 Rg6 (50... Qxe3 $2 51. Rf8+ Rxf8 52. Qxe3 $18) 51. Ng2 $11) 50... Qe6 $2 (50... Qxe3 $2 {is the wrong capture.} 51. Rf8+ Rxf8 52. Qxe3 $18) (50... Rg6 $11 51. Ng2 Rg5) 51. Ng4 $18 Rg6 {[%emt 0:00:10] [#]} 52. Qd4+ $1 Rg7 (52... Kg8 {was worth a try.} 53. Nf6+ Rxf6 54. Rxf6 Qe4 55. Qxe4 Rxe4) 53. Nf6 {[%emt 0:00:02] White wants to mate with Rh4+.} Qe2+ 54. Rf2 1-0

[Event "FIDE Open World Rapid 2024"]
[Site "New York"]
[Date "2024.12.27"]
[Round "7.39"]
[White "Meylan, Andre"]
[Black "Thavandiran, Shiyam"]
[Result "0-1"]
[ECO "C02"]
[WhiteElo "2138"]
[BlackElo "2410"]
[Annotator "ChessBase"]
[PlyCount "36"]
[EventDate "2024.12.14"]
[EventType "swiss"]
[EventCountry "USA"]
[SourceTitle "playchess.com"]
[Source "ChessBase"]
[SourceQuality "1"]
[TimeControl "900+10"]

1. e4 e6 2. d4 d5 3. e5 c5 4. Qg4 cxd4 5. Nf3 Nc6 6. Bd3 Qc7 7. Bf4 Nb4 8. Nxd4 Nxd3+ 9. cxd3 Qb6 10. Nb3 Qb4+ 11. N1d2 g5 12. g3 gxf4 13. a3 Qb5 14. gxf4 Qxd3 15. Rc1 Nh6 16. Qh4 Nf5 17. Qf6 Rg8 18. Rc7 Be7 0-1

[Event "FIDE Open World Rapid 2024"]
[Site "New York"]
[Date "2024.12.27"]
[Round "7.40"]
[White "Xiong, Jeffery"]
[Black "Vokhidov, Shamsiddin"]
[Result "1-0"]
[ECO "D38"]
[WhiteElo "2636"]
[BlackElo "2681"]
[Annotator "ChessBase"]
[PlyCount "65"]
[EventDate "2024.12.14"]
[EventType "swiss"]
[EventCountry "USA"]
[SourceTitle "playchess.com"]
[Source "ChessBase"]
[SourceQuality "1"]
[TimeControl "900+10"]

1. d4 Nf6 2. c4 e6 3. Nf3 d5 4. Nc3 Bb4 5. Qa4+ Nc6 6. e3 O-O 7. Qc2 Re8 8. Bd2 Bf8 9. a3 e5 10. dxe5 Nxe5 11. cxd5 Nxf3+ 12. gxf3 Nxd5 13. h4 a5 14. Bd3 h6 15. Rg1 Be6 16. Ne4 Qxh4 17. O-O-O c5 18. Ng5 hxg5 19. Rh1 Bh3 20. Bf5 Bxf5 21. Qxf5 Qc4+ 22. Bc3 Nf6 23. Qh3 Qh4 24. Qg2 Qc4 25. Qh2 Qh4 26. Qg1 Qc4 27. Qxg5 Rad8 28. Rdg1 Rd6 29. Rh4 Qd3 30. Bxf6 Qd2+ 31. Kb1 Qd3+ 32. Ka1 Qb3 33. Qxg7+ 1-0

[Event "FIDE Open World Rapid 2024"]
[Site "New York"]
[Date "2024.12.27"]
[Round "7.40"]
[White "Esquivel Golcher, Luis Enrique"]
[Black "Larrea, Manuel"]
[Result "1-0"]
[ECO "B59"]
[WhiteElo "2081"]
[BlackElo "2259"]
[Annotator "ChessBase"]
[PlyCount "121"]
[EventDate "2024.12.14"]
[EventType "swiss"]
[EventCountry "USA"]
[SourceTitle "playchess.com"]
[Source "ChessBase"]
[SourceQuality "1"]
[TimeControl "900+10"]

1. e4 c5 2. Nf3 Nc6 3. d4 cxd4 4. Nxd4 Nf6 5. Nc3 d6 6. Be2 e5 7. Nb3 Be7 8. O-O O-O 9. Be3 a5 10. a4 Be6 11. Bf3 Nb4 12. Bg5 Rc8 13. Rc1 h6 14. Bxf6 Bxf6 15. Bg4 Bg5 16. Bxe6 fxe6 17. Rb1 Qb6 18. Nd2 Rc6 19. Nf3 Be7 20. Rc1 Rfc8 21. Re1 Qd8 22. Qe2 Rc5 23. Qe3 Qf8 24. Re2 g5 25. h3 Bd8 26. Ne1 Bb6 27. Qg3 Qg7 28. Qg4 Qf6 29. Rd1 R5c6 30. h4 Kh7 31. hxg5 hxg5 32. Nf3 Kg6 33. Nh4+ Kh6 34. Nf3 Bd4 35. g3 Bxc3 36. bxc3 Na2 37. Kg2 Nxc3 38. Rh1+ Kg7 39. Nxg5 Qg6 40. Nxe6+ Kf6 41. Ng5 Qxg5 42. Qf3+ Kg7 43. Rh5 Qg6 44. Re3 Nxa4 45. Rf5 Rc3 46. Qe2 Rxc2 47. Qb5 Nc5 48. Ref3 a4 49. Qb1 Rc4 50. Qh1 Nxe4 51. Qh4 R8c7 52. Qd8 Nd2 53. Qf8+ Kh7 54. Rf7+ Rxf7 55. Rxf7+ Qxf7 56. Qxf7+ Kh6 57. Qf6+ Kh7 58. Qxd6 Rd4 59. Qe7+ Kg8 60. Qxe5 Rd8 61. Qg5+ 1-0

[Event "FIDE Open World Rapid 2024"]
[Site "New York"]
[Date "2024.12.27"]
[Round "7.41"]
[White "Woodward, Andy"]
[Black "Onischuk, Alexander"]
[Result "1-0"]
[ECO "E05"]
[WhiteElo "2530"]
[BlackElo "2640"]
[Annotator "ChessBase"]
[PlyCount "69"]
[EventDate "2024.12.14"]
[EventType "swiss"]
[EventCountry "USA"]
[SourceTitle "playchess.com"]
[Source "ChessBase"]
[SourceQuality "1"]
[TimeControl "900+10"]

1. d4 Nf6 2. c4 e6 3. g3 d5 4. Bg2 Be7 5. Nf3 O-O 6. O-O dxc4 7. Qc2 a6 8. a4 Bd7 9. Qxc4 Bc6 10. Bf4 Bd6 11. Qc1 Nbd7 12. Nc3 Nd5 13. Bd2 N7f6 14. a5 Qe7 15. Re1 Nxc3 16. bxc3 Ne4 17. Qc2 f5 18. c4 Nxd2 19. Nxd2 Bxg2 20. Kxg2 c5 21. d5 Rae8 22. e4 exd5 23. exd5 Qf6 24. Rab1 f4 25. Rxe8 Rxe8 26. Qd3 Qe7 27. Nf3 h6 28. Qg6 Rf8 29. Re1 Qf6 30. Qd3 fxg3 31. Re6 Qd8 32. hxg3 Rf6 33. Qe4 Kf7 34. Nh4 g5 35. Qh7+ 1-0

[Event "FIDE Open World Rapid 2024"]
[Site "New York"]
[Date "2024.12.27"]
[Round "7.41"]
[White "Sharshenbekov, Emir"]
[Black "Ahmed, Nidal"]
[Result "1-0"]
[ECO "C48"]
[WhiteElo "2078"]
[BlackElo "1796"]
[Annotator "NA"]
[PlyCount "99"]
[EventDate "2024.12.14"]
[EventType "swiss"]
[EventCountry "USA"]
[SourceTitle "playchess.com"]
[Source "ChessBase"]
[SourceQuality "1"]
[TimeControl "900+10"]

1. e4 e5 2. Nf3 Nc6 3. Nc3 Nf6 4. Bb5 Bc5 5. O-O d6 6. d4 Bxd4 7. Nxd4 exd4 8. Qxd4 O-O 9. Qd1 h6 10. Re1 a6 11. Bf1 Re8 12. f3 Be6 13. Bf4 Ne5 14. Qd4 Ng6 15. Be3 d5 16. exd5 Nxd5 17. Nxd5 Qxd5 18. Qc3 Rac8 19. Rad1 Qh5 20. Bd4 Nf4 21. Be5 Nd5 22. Qd2 Rcd8 23. c4 Ne7 24. Qxd8 Rxd8 25. Rxd8+ Kh7 26. Bd3+ Bf5 27. g4 Qg5 28. Bf1 Nc6 29. Re8 Bg6 30. Bg3 f6 31. Rc8 h5 32. h4 Qd2 33. Re2 Qd4+ 34. Kh2 hxg4 35. fxg4 Qxg4 36. Rxc7 Ne5 37. Bxe5 fxe5 38. Rg2 Qf4+ 39. Kg1 e4 40. Re7 Qe3+ 41. Kh1 Qh3+ 42. Kg1 e3 43. Rxg7+ Kxg7 44. Rxg6+ Kxg6 45. Bxh3 Kh5 46. Bc8 b6 47. Bxa6 Kxh4 48. Kf1 Kg4 49. Ke2 Kf4 50. b4 1-0

[Event "FIDE Open World Rapid 2024"]
[Site "New York"]
[Date "2024.12.27"]
[Round "7.42"]
[White "Le, Quang Liem"]
[Black "Moroni, Luca Jr"]
[Result "1/2-1/2"]
[ECO "E21"]
[WhiteElo "2739"]
[BlackElo "2550"]
[Annotator "TA"]
[PlyCount "99"]
[EventDate "2024.12.14"]
[EventType "swiss"]
[EventCountry "USA"]
[SourceTitle "playchess.com"]
[Source "ChessBase"]
[SourceQuality "1"]
[TimeControl "900+10"]

1. d4 Nf6 2. c4 Nc6 3. Nf3 e6 4. Nc3 Bb4 5. Bd2 O-O 6. a3 Bxc3 7. Bxc3 Ne4 8. Rc1 d6 9. g3 e5 10. Bg2 Nxc3 11. Rxc3 Bg4 12. d5 Bxf3 13. Bxf3 Nb8 14. c5 a5 15. O-O Na6 16. cxd6 cxd6 17. Qc2 Qd7 18. b3 g6 19. Rc1 Rfb8 20. Qd2 b5 21. b4 axb4 (21... Ra7 $11) 22. axb4 $16 Rc8 (22... Nxb4 $2 23. Rc7 Qd8 24. Qxb4 $18) 23. Rc6 Qd8 24. Ra1 Rxc6 (24... Nc7 $16 25. Ra5 Rcb8) 25. dxc6 $18 Nc7 26. Rxa8 Nxa8 27. Qa2 Nc7 {[%emt 0:00:17] [#]} 28. Bd5 $2 (28. Qa7 $1 $18 {and the rest is easy.}) 28... Kg7 29. Kg2 (29. Bxf7 $2 d5 30. Bxg6 hxg6 $19) 29... f5 30. Qa7 Kf6 (30... Qe7 $142 31. Qa2 Kf8) 31. e4 fxe4 32. Bxe4 d5 33. Bd3 Qd6 {[%emt 0:01:23] [#]} (33... e4 $16 {might work better.} 34. Qd4+ Ke6 35. Bxe4 Qf6) 34. Qb7 (34. Qb8 $1 $18) 34... e4 $16 35. Bxb5 d4 36. Be2 d3 37. Bd1 e3 (37... Nd5 $16 38. Kg1 (38. Qxh7 Qxc6 39. Qh8+ Kf5 $16) (38. c7 Nxc7 39. Qxe4 Qd5 $16) 38... h5 (38... Qxb4 $2 39. Qxb4 Nxb4 40. c7 $18)) 38. fxe3 $18 Nd5 39. Qa7 (39. Qxh7 Nxe3+ (39... Qxc6 $2 40. Qh4+ Kg7 41. Qd4+ Kh7 42. Bf3 $18) 40. Kf3 Nxd1 41. Qh8+ Ke7 42. Qh4+ Kf7 43. Qh7+ Ke6 44. Qxg6+ Ke7 45. Qxd6+ Kxd6 $11) 39... Qe5 $2 (39... Qxb4 $16 40. Qd4+ (40. Qxh7 $2 Qd2+ 41. Kh3 Qxd1 $19) 40... Qxd4 41. exd4 Ke6 (41... Ne3+ $2 42. Kf3 $18)) 40. e4 $2 ({Not} 40. c7 Nxc7 41. Kf1 Ne6 $14) (40. Qxh7 $18 {is more deadly.} Qe6 (40... Qxe3 $2 41. Bf3 $18) (40... Nxe3+ $2 41. Kf3 $18) 41. e4 Qxe4+ (41... Ne3+ $2 42. Kf3 $18) 42. Bf3) 40... Qxe4+ $16 41. Bf3 Ne3+ 42. Kf2 Ng4+ 43. Bxg4 Qxg4 44. Qe3 (44. Qxh7 $2 {loses.} Qe2+ (44... Qxb4 45. Qh4+ Qxh4 46. gxh4 $16) 45. Kg1 d2 46. Qh8+ Kf5 47. Qf8+ Ke4 48. Qe8+ Kd3 49. Qxg6+ Qe4 $19) (44. Qa1+ $16 Ke6 45. Qe1+ Kd5 46. c7) 44... Qxb4 $11 45. c7 Qb2+ 46. Kg1 d2 47. Qf3+ Kg7 48. c8=Q Qc1+ 49. Qxc1 dxc1=Q+ 50. Kg2 1/2-1/2

[Event "FIDE Open World Rapid 2024"]
[Site "New York"]
[Date "2024.12.27"]
[Round "7.42"]
[White "Soo, Kai Jie"]
[Black "Wong, Hayoung"]
[Result "1-0"]
[ECO "D20"]
[WhiteElo "2153"]
[BlackElo "1704"]
[Annotator "ChessBase"]
[PlyCount "79"]
[EventDate "2024.12.14"]
[EventType "swiss"]
[EventCountry "USA"]
[SourceTitle "playchess.com"]
[Source "ChessBase"]
[SourceQuality "1"]
[TimeControl "900+10"]

1. d4 d5 2. c4 dxc4 3. e4 e5 4. Nf3 exd4 5. Nxd4 Bc5 6. Be3 Qe7 7. Nc3 Nf6 8. f3 Bd7 9. Bxc4 O-O 10. Qe2 Nc6 11. Nxc6 Bxc6 12. O-O Rfe8 13. Rae1 Bxe3+ 14. Qxe3 Qb4 15. Bb3 a5 16. Rf2 a4 17. Bd1 a3 18. b3 Rad8 19. Rd2 Rxd2 20. Qxd2 Qc5+ 21. Qe3 Qxe3+ 22. Rxe3 Rd8 23. Bc2 Rd2 24. Re2 Rd8 25. Kf2 Kf8 26. Ke3 g6 27. b4 Re8 28. Bb3 b6 29. Rc2 Ra8 30. h4 Be8 31. g4 c6 32. Ne2 Rc8 33. g5 Nd7 34. Nd4 c5 35. Nb5 Ke7 36. Nxa3 Ra8 37. Nb5 cxb4 38. Nc7 Ra5 39. Nd5+ Kd6 40. Rc8 1-0

[Event "FIDE Open World Rapid 2024"]
[Site "New York"]
[Date "2024.12.27"]
[Round "7.43"]
[White "Hakobyan, Aram"]
[Black "Van Foreest, Jorden"]
[Result "1/2-1/2"]
[ECO "C55"]
[WhiteElo "2625"]
[BlackElo "2677"]
[Annotator "ChessBase"]
[PlyCount "88"]
[EventDate "2024.12.14"]
[EventType "swiss"]
[EventCountry "USA"]
[SourceTitle "playchess.com"]
[Source "ChessBase"]
[SourceQuality "1"]
[TimeControl "900+10"]

1. e4 e5 2. Nf3 Nc6 3. Bc4 Nf6 4. d3 Be7 5. Nc3 d6 6. a3 O-O 7. Be3 a6 8. h3 Be6 9. Nd5 Bd7 10. O-O Nxd5 11. Bxd5 Kh8 12. Re1 Rb8 13. d4 exd4 14. Nxd4 Bf6 15. c3 Nxd4 16. cxd4 c6 17. Ba2 Be6 18. Bb1 Re8 19. Bc2 g6 20. Qf3 Qe7 21. Rad1 Rbd8 22. b4 Kg7 23. Bf4 Bg5 24. d5 Bxf4 25. Qxf4 Bd7 26. Bb3 cxd5 27. Bxd5 Be6 28. Re3 Bxd5 29. Rxd5 Qf6 30. Qxf6+ Kxf6 31. f3 Re5 32. Rd2 Ke7 33. Kf2 Rc8 34. Red3 Rc6 35. h4 h5 36. Kg3 a5 37. bxa5 Rxa5 38. Rb2 b6 39. Rdb3 Ke6 40. Kf4 Ra4 41. Kg5 Ra8 42. Rxb6 Rxb6 43. Rxb6 Rxa3 44. Kf4 Ra5 1/2-1/2

[Event "FIDE Open World Rapid 2024"]
[Site "New York"]
[Date "2024.12.27"]
[Round "7.43"]
[White "Gretarsson, Helgi Ass"]
[Black "Makoto, Rodwell"]
[Result "1-0"]
[ECO "E69"]
[WhiteElo "2418"]
[BlackElo "2334"]
[Annotator "ChessBase"]
[PlyCount "65"]
[EventDate "2024.12.14"]
[EventType "swiss"]
[EventCountry "USA"]
[SourceTitle "playchess.com"]
[Source "ChessBase"]
[SourceQuality "1"]
[TimeControl "900+10"]

1. Nf3 Nf6 2. c4 g6 3. g3 Bg7 4. Bg2 O-O 5. d4 d6 6. O-O Nbd7 7. Nc3 e5 8. e4 Re8 9. h3 c6 10. Re1 a5 11. Be3 exd4 12. Nxd4 Nc5 13. Qc2 a4 14. Rad1 Qa5 15. Bf4 Bf8 16. Nf3 Qb4 17. Bf1 Ne6 18. Bd2 Qa5 19. e5 dxe5 20. Ne4 Qd8 21. Bb4 Nd4 22. Rxd4 Nd7 23. Rxd7 Bxd7 24. Bxf8 Kxf8 25. Rd1 Qe7 26. Qd2 Bf5 27. Qh6+ Kg8 28. Nfg5 f6 29. Nxh7 Bxe4 30. Rd7 Qf7 31. Rxf7 Kxf7 32. Nxf6 Kxf6 33. Qh4+ 1-0

[Event "FIDE Open World Rapid 2024"]
[Site "New York"]
[Date "2024.12.27"]
[Round "7.44"]
[White "Batsuren, Dambasuren"]
[Black "Ivanchuk, Vasyl"]
[Result "0-1"]
[ECO "D07"]
[WhiteElo "2531"]
[BlackElo "2630"]
[Annotator "ChessBase"]
[PlyCount "116"]
[EventDate "2024.12.14"]
[EventType "swiss"]
[EventCountry "USA"]
[SourceTitle "playchess.com"]
[Source "ChessBase"]
[SourceQuality "1"]
[TimeControl "900+10"]

1. d4 d5 2. c4 Nc6 3. Nf3 Bg4 4. cxd5 Bxf3 5. gxf3 Qxd5 6. e3 e6 7. Nc3 Qh5 8. f4 Qxd1+ 9. Kxd1 Nf6 10. Bg2 O-O-O 11. Ke2 Ne7 12. Bd2 Ned5 13. Rac1 Kb8 14. Rhd1 Be7 15. Bf3 g6 16. Na4 h6 17. e4 Nb4 18. a3 Na6 19. Be3 c6 20. b4 Nc7 21. Nc5 Nd7 22. Nd3 f5 23. Rg1 Rdg8 24. Rg2 Nf6 25. exf5 gxf5 26. Rcg1 Rxg2 27. Rxg2 Rg8 28. Rxg8+ Nxg8 29. Bh5 Nf6 30. Bf7 Kc8 31. Nc5 Bxc5 32. dxc5 Kd7 33. Bd4 Ke7 34. Bg6 Nb5 35. Bb2 Nd5 36. Bc1 Nd4+ 37. Kd3 Nf3 38. Ke2 Ng1+ 39. Kf1 Nh3 40. Bh5 Ndxf4 41. Bf3 e5 42. b5 Kd7 43. bxc6+ bxc6 44. Be3 Ng5 45. Bd1 Ne4 46. f3 Nc3 47. Bc2 Ke6 48. Bd2 Nb5 49. Bb3+ Kf6 50. Ba4 a6 51. Be3 h5 52. Kf2 Ne6 53. Ke1 Nxa3 54. Bb3 Nb5 55. Bc4 a5 56. Bxb5 cxb5 57. c6 Ke7 58. Bb6 a4 0-1